 Dungeon Crawl Stone Soup version 0.23.0-2-g0fe3ce5905 (webtiles) character file.

Game seed: 15646287671043904164

172 Descartes the Sneak (level 5, 0/25 HPs)
             Began as a Vine Stalker Wanderer on Feb 19, 2019.
             Slain by a worker ant (4 damage)
             ... on level 4 of the Dungeon.
             The game lasted 00:07:19 (2655 turns).

Descartes the Sneak (Vine Stalker Wanderer)         Turns: 2655, Time: 00:07:20

Health: 0/25       AC: 12    Str: 19    XL:     5   Next: 52%
Magic:  0/11       EV: 10    Int: 10    God:
Gold:   219        SH:  0    Dex: 12    Spells: 2/10 levels left

rFire    . . .     SeeInvis .   o - +1 mace (protect)
rCold    . . .     Gourm    .   (no shield)
rNeg     . . .     Faith    .   c - +0 ring mail
rPois    .         Spirit   +   (no helmet)
rElec    .         Reflect  .   (no cloak)
rCorr    .         Harm     .   (no gloves)
MR       .....                  (no boots)
Stlth    +++.......             (no amulet)
HPRegen  0.48/turn              y - ring of stealth
MPRegen  0.12/turn              (no ring)

@: lethally poisoned (0 -> 0), protection aura
A: fangs 2, regeneration 1, magic shield, antimagic bite, no potion heal 3, rot
immunity
a: no special abilities


You were on level 4 of the Dungeon.
You were not hungry.

You visited 1 branch of the dungeon, and saw 4 of its levels.

You collected 219 gold pieces.

Inventory:

Hand Weapons
 d - a +0 club
 e - a +0 dagger
 g - a +1 spear of venom
 o - a +1 mace of protection (weapon)
Missiles
 b - 7 needles of paralysis
 h - 101 stones (quivered)
 j - 15 sling bullets
 u - 21 poisoned needles
Armour
 c - a +0 ring mail (worn)
 k - a +0 buckler
Jewellery
 v - an uncursed amulet of faith
 y - a ring of stealth (left hand)
Scrolls
 a - 3 scrolls of enchant armour {unknown}
 i - a scroll of amnesia {unknown}
 l - 4 scrolls of teleportation {unknown}
 m - 4 scrolls of noise {unknown}
 p - 5 scrolls of identify {unknown}
 q - 2 scrolls of remove curse {unknown}
 r - a scroll of random uselessness {unknown}
 w - a scroll of fear {unknown}
 A - a scroll of enchant weapon {unknown}
 B - a scroll of fog {unknown}
Potions
 n - a potion of degeneration {unknown}
 s - a potion of curing {unknown}
 t - a potion of haste {unknown}
 x - 2 potions of might {unknown}
 z - a potion of flight {unknown}
 C - a potion of agility {unknown}
Comestibles
 f - 9 rations


   Skills:
 + Level 1.4 Fighting
 - Level 1.5 Armour
 + Level 3.9 Stealth
 + Level 1.1 Shields
 + Level 0.2 Unarmed Combat
 * Level 3.3 Spellcasting
 * Level 2.9 Hexes
   Level 1.0 Transmutations
 * Level 1.6 Ice Magic


You had 2 spell levels left.
You knew the following spells:

 Your Spells              Type           Power        Failure   Level  Hunger
a - Ensorcelled Hibernat  Hex/Ice        #.....       26%         2    ###....
b - Confuse               Hex            #.......     38%         3    ###....
c - Dazzling Spray        Conj/Hex       #.....       58%         3    ###....

Your spell library contained the following spells:

 Spells                   Type           Power        Failure   Level  Hunger
 Corona                   Hex            #......      14%         1    #......
 Summon Butterflies       Summ           #.......     43%         1    #......
 Tukima's Dance           Hex            #.......     38%         3    ###....
 Recall                   Summ/Tloc      N/A          80%         3    ###....


Dungeon Overview and Level Annotations

Branches:
Dungeon (4/15)
 Temple: D:4-7

Altars:

Annotations:
D:3 2 transporters, iVAG's ghost, amateur DrCj


Innate Abilities, Weirdness & Mutations

You have extremely sharp teeth.
Your natural rate of healing is unusually fast.
When hurt, damage is shared between your health and your magic reserves.
Your bite disrupts and absorbs the magic of your enemies.
Potions cannot restore your health.
You are immune to rotting.


Message History

You feel sick. The worker ant bites you.
* * * LOW HITPOINT WARNING * * *
The worker ant bites you.
* * * LOW HITPOINT WARNING * * *
You feel sick. The worker ant bites you.
* * * LOW HITPOINT WARNING * * *
You hit the worker ant.
Your weapon exudes an aura of protection.
The worker ant is moderately wounded.
The worker ant bites you but does no damage.
You completely miss the worker ant.
The worker ant is moderately wounded.
You feel sick. The worker ant barely misses you. x2
You hit the worker ant but do no damage.
The worker ant is moderately wounded.
The worker ant closely misses you. The worker ant misses you.
You closely miss the worker ant. Your bite misses the worker ant.
The worker ant is moderately wounded.
You feel sick. The worker ant bites you.
You die...

..######.####
#........# #.###.##.#
#.# #.##.# ##+###.#
#.##.# ##...##.#
#....# ##.....#.#
###..#### ##........#
##......
#...@a....####...####
+.................##
#...?.....##.......#
##./.....###.......#
##.....## #.......#
##...## ###....##
##+## #....### #.#
##.....< #.# ###.###


You could see a worker ant.

Vanquished Creatures
  A hound (D:4)
  An orc priest (D:3)
  A gnoll (D:1)
  3 adders
  A howler monkey skeleton (D:4)
  A worm (D:2)
  A dart slug (D:1)
  10 orcs
  3 giant cockroaches
  3 hobgoblins
  7 jackals
  4 bats
  A frilled lizard (D:3)
  6 goblins
  4 kobolds
  2 rats (D:1)
49 creatures vanquished.

Notes
Turn   | Place    | Note
-------+----------+-------------------------------------------
     0 | D:1      | Descartes the Vine Stalker Wanderer began the quest for the
                  | Orb.
     0 | D:1      | Descartes set off with the following items: a +0 ring mail,
                  | a +0 club, a +0 dagger, a ration; and the following spells
                  | available to memorise: Corona, Summon Butterflies,
                  | Ensorcelled Hibernation, Confuse, Tukima's Dance, Dazzling
                  | Spray, Recall
     0 | D:1      | Reached XP level 1. HP: 10/10 MP: 4/4
   185 | D:1      | Reached XP level 2. HP: 13/14 MP: 6/6
   622 | D:1      | Reached XP level 3. HP: 18/18 MP: 6/8
   626 | D:1      | Learned a level 2 spell: Ensorcelled Hibernation
   630 | D:1      | Learned a level 3 spell: Confuse
  1574 | D:3      | Reached skill level 1 in Ice Magic
  1574 | D:3      | Gained mutation: Your natural rate of healing is unusually
                  | fast. [Vine Stalker growth]
  1574 | D:3      | Reached XP level 4. HP: 18/22 MP: 7/9
  1615 | D:3      | Reached skill level 1 in Shields
  1792 | D:3      | Found a transporter.
  1792 | D:3      | Noticed iVAG's ghost (amateur DrCj)
  1795 | D:3      | Found a transporter.
  2280 | D:4      | Reached XP level 5. HP: 25/25 MP: 10/10
  2293 | D:4      | Learned a level 3 spell: Dazzling Spray
  2655 | D:4      | Slain by a worker ant

Skill      XL: |  1  2  3  4 |
---------------+-------------+-----
Stealth        | 3 |  3.9
Spellcasting   | 3 |  3.3
Ice Magic      | 1 |  1.6
Shields        | 1 |  1.1
Fighting       | |  1.4
Armour         | |  1.5
Unarmed Combat | |  0.2
Hexes          | |  2.9
Transmutations | |  1.0

Action                   |  1- 3 |  4- 6 || total
-------------------------+-------+-------++-------
Melee: Spear             |    24 |       ||    24
       Bite              |    25 |    18 ||    43
       Club              |     3 |       ||     3
       Mace              |    67 |    77 ||   144
 Stab: Sleeping          |     4 |     2 ||     6
  Eat: Chunk             |     1 |     5 ||     6
Armor: Ring mail         |    32 |    44 ||    76
Dodge: Dodged            |    54 |    55 ||   109
